[Event "ICC tourney 2093 (45 10)"]
[Site "Internet Chess Club"]
[Date "2020.10.31"]
[Round "1"]
[White "premierchess"]
[Black "GGuseinov"]
[Result "0-1"]
[ICCResult "White resigns"]
[WhiteElo "2200"]
[BlackElo "2716"]
[Opening "Sicilian: Richter-Rauzer, 6...e6"]
[ECO "B62"]
[NIC "SI.27"]
[Time "11:06:11"]
[TimeControl "2700+10"]

1. e4 c5 2. Nf3 Nc6 3. d4 cxd4 4. Nxd4 Nf6 5. Nc3 d6 6. Bg5 e6 7. f3 a6 8.
Qd2 Bd7 9. O-O-O b5 10. g4 Rc8 11. Nxc6 Bxc6 12. Ne2 Be7 13. Be3 Qc7 14. Kb1
d5 15. e5 Nd7 16. Nd4 Nxe5 17. h3 Bb7 18. f4 Nc4 19. Qf2 Nxe3 20. Qxe3 Bd6
21. Bd3 Bxf4 22. Qe2 O-O 23. Nf3 e5 24. Bf5 Rcd8 25. g5 g6 26. Bg4 d4 27.
Rhf1 Qc4 28. Qxc4 bxc4 29. Nxd4 Bxg5 30. Nf3 Bf4 31. Rde1 f5 {White resigns}
0-1

[Event "ICC tourney 2093 (45 10)"]
[Site "Internet Chess Club"]
[Date "2020.10.31"]
[Round "1"]
[White "marble"]
[Black "orenlivne"]
[Result "1-0"]
[ICCResult "Black resigns"]
[WhiteElo "2521"]
[BlackElo "2036"]
[Opening "Sicilian: Hungarian variation"]
[ECO "B27"]
[NIC "SI.43"]
[Time "11:04:15"]
[TimeControl "2700+10"]

1. e4 c5 2. Nf3 g6 3. d4 cxd4 4. Qxd4 Nf6 5. e5 Nc6 6. Qa4 Nd5 7. Qe4 Ndb4
8. Bb5 a6 9. Ba4 b5 10. Bb3 d5 11. exd6 Bf5 12. Qe2 Qxd6 13. O-O Bg7 14. Rd1
Qb8 15. a3 O-O 16. axb4 Nxb4 17. Nd4 Bd7 18. Qxe7 Ra7 19. Qxb4 {Black
resigns} 1-0

[Event "ICC tourney 2093 (45 10)"]
[Site "Internet Chess Club"]
[Date "2020.10.31"]
[Round "1"]
[White "JasonModer"]
[Black "chessw23"]
[Result "1-0"]
[ICCResult "Black checkmated"]
[WhiteElo "2515"]
[BlackElo "1981"]
[Opening "QGD: exchange, positional line"]
[ECO "D35"]
[NIC "QO.16"]
[Time "11:04:07"]
[TimeControl "2700+10"]

1. d4 d5 2. c4 e6 3. Nc3 Nf6 4. cxd5 exd5 5. Bg5 Be7 6. e3 h6 7. Bf4 Bf5 8.
Qb3 b6 9. Nb5 Bd6 10. Bxd6 cxd6 11. Rc1 O-O 12. Nc7 Nbd7 13. Nxa8 Qxa8 14.
Ba6 Nb8 15. Bd3 Bxd3 16. Qxd3 Nc6 17. Ne2 Rc8 18. O-O a6 19. Ng3 g6 20. Rc3
Nb4 21. Rxc8+ Qxc8 22. Qc3 Qxc3 23. bxc3 Nc6 24. Rb1 Nd7 25. Ne2 b5 26. a4
bxa4 27. Nf4 Na5 28. Rb4 a3 29. Ra4 Nc4 30. Nxd5 Ndb6 31. Nxb6 Nxb6 32. Rxa3
Nc4 33. Rxa6 Kf8 34. Rc6 d5 35. Rc5 Nb6 36. Rb5 Na4 37. Rxd5 Nxc3 38. Ra5
Ke7 39. Kf1 Kd6 40. f3 Nd5 41. e4 Ne3+ 42. Kf2 Nc4 43. Ra6+ Ke7 44. Ke2 Nd6
45. Kd3 Ne8 46. d5 f5 47. e5 Kf7 48. Ra7+ Kg8 49. d6 Ng7 50. Rxg7+ Kxg7 51.
d7 Kf7 52. d8=Q Ke6 53. Qd6+ Kf7 54. Qf6+ Ke8 55. e6 f4 56. Qf7+ Kd8 57.
Qd7# {Black checkmated} 1-0

[Event "ICC tourney 2093 (45 10)"]
[Site "Internet Chess Club"]
[Date "2020.10.31"]
[Round "1"]
[White "speedskater"]
[Black "Singireddy"]
[Result "1-0"]
[ICCResult "Black resigns"]
[WhiteElo "2627"]
[BlackElo "2110"]
[Opening "King's Indian: 6.Be2"]
[ECO "E91"]
[NIC "KI.19"]
[Time "11:04:01"]
[TimeControl "2700+10"]

1. d4 Nf6 2. c4 g6 3. Nc3 Bg7 4. e4 d6 5. Nf3 O-O 6. Be2 c5 7. O-O cxd4 8.
Nxd4 Nc6 9. Be3 Bd7 10. Nc2 Rc8 11. f3 a6 12. Qd2 Ne5 13. b3 h5 14. Rfd1 Nc6
15. Na4 Qa5 16. Qxa5 Nxa5 17. Nb6 Rc7 18. Rac1 Nc6 19. Kf2 Rd8 20. Nd5 Rcc8
21. Bg5 Kf8 22. Nxf6 exf6 23. Bf4 Ne5 24. Rxd6 Bc6 25. Rcd1 Rxd6 26. Rxd6
Ke7 27. Rd2 g5 28. Be3 Rd8 29. Nd4 Bf8 30. h4 gxh4 31. Nf5+ Ke8 32. Rxd8+
Kxd8 33. Nxh4 b5 34. cxb5 Bxb5 35. Bxb5 axb5 36. Ke2 Ng6 37. Nf5 b4 38. Kd3
{Black resigns}
1-0

[Event "ICC tourney 2093 (45 10)"]
[Site "Internet Chess Club"]
[Date "2020.10.31"]
[Round "1"]
[White "jsl1996"]
[Black "largecrab"]
[Result "1-0"]
[ICCResult "Black resigns"]
[WhiteElo "2653"]
[BlackElo "2164"]
[Opening "Nimzo-Indian: 4.e3 O-O, 5.Bd3"]
[ECO "E47"]
[NIC "NI.11"]
[Time "11:04:05"]
[TimeControl "2700+10"]

1. d4 Nf6 2. c4 e6 3. Nc3 Bb4 4. e3 O-O 5. Bd3 c5 6. Ne2 cxd4 7. exd4 d5 8.
cxd5 Qxd5 9. O-O Qh5 10. a3 Bd6 11. Bf4 Bxf4 12. Nxf4 Qxd1 13. Rfxd1 Rd8 14.
Bc4 g5 15. Nfe2 Nbd7 16. Ba2 Nb6 17. f4 h6 18. Rd3 g4 19. h3 h5 20. Rf1 Kf8
21. Ng3 Ke7 22. hxg4 hxg4 23. f5 Nbd5 24. fxe6 fxe6 25. Rd2 Bd7 26. Rdf2 Rf8
27. Bxd5 Nxd5 28. Nxd5+ exd5 29. Rxf8 Rxf8 30. Rxf8 Kxf8 31. Kf2 Ke7 32. Ke3
Kf6 33. Kf4 Bb5 34. Kxg4 Bd3 35. Kf4 Bg6 36. Ne2 Bd3 37. Nc3 Bc4 38. g4 a5
39. g5+ Ke6 40. Kg4 Bd3 41. Na4 Kf7 42. Nc5 Be2+ 43. Kf5 b6 44. g6+ Kg7 45.
Ne6+ Kg8 46. Kf6 Bg4 47. Nf4 Bf3 48. g7 Be4 49. a4 Kh7 50. Kf7 Kh6 51. g8=Q
{Black resigns}
1-0

[Event "ICC tourney 2093 (45 10)"]
[Site "Internet Chess Club"]
[Date "2020.10.31"]
[Round "1"]
[White "hollyelf"]
[Black "TjkTiger"]
[Result "0-1"]
[ICCResult "White resigns"]
[WhiteElo "2065"]
[BlackElo "2601"]
[Opening "Sicilian: Hungarian variation"]
[ECO "B27"]
[NIC "SI.43"]
[Time "11:05:31"]
[TimeControl "2700+10"]

1. e4 c5 2. Nf3 g6 3. d4 cxd4 4. Qxd4 Nf6 5. e5 Nc6 6. Qa4 Nd5 7. Qe4 Nb6 8.
Bb5 Bg7 9. O-O O-O 10. c4 d5 11. exd6 Qxd6 12. Bf4 Qe6 13. Bxc6 bxc6 14.
Qxe6 Bxe6 15. Be5 f6 16. Bc3 Bxc4 17. Re1 e5 18. Nbd2 Bd5 19. Ne4 Na4 20.
Bb4 Rfb8 21. Be7 Kf7 22. b3 Kxe7 23. bxa4 Rb4 24. Nc3 Rc4 25. Rac1 Bxf3 26.
gxf3 Bh6 27. Rc2 Rxc3 28. Rxc3 Bd2 29. Ree3 Bxc3 30. Rxc3 Kd6 31. Rd3+ Kc7
32. Kf1 Rd8 33. Rc3 Rd2 34. a3 Rd4 35. a5 Ra4 36. Ke2 Rxa5 37. Ke3 Ra4
{White resigns}
0-1

[Event "ICC tourney 2093 (45 10)"]
[Site "Internet Chess Club"]
[Date "2020.10.31"]
[Round "1"]
[White "Chessking2008"]
[Black "Sergeiaza"]
[Result "0-1"]
[ICCResult "White checkmated"]
[WhiteElo "2177"]
[BlackElo "2639"]
[Opening "English: Carls' Bremen system"]
[ECO "A22"]
[NIC "EO.10"]
[Time "11:04:07"]
[TimeControl "2700+10"]

1. c4 e5 2. Nc3 Nf6 3. g3 Nc6 4. Bg2 Bb4 5. Nd5 Ba5 6. a3 Bb6 7. e3 O-O 8.
Ne2 Nxd5 9. cxd5 Ne7 10. d4 exd4 11. Nxd4 d6 12. O-O Nf5 13. Nxf5 Bxf5 14.
b4 Qf6 15. Ra2 Qg6 16. Bb2 a5 17. Ra1 Rfe8 18. Qd2 h5 19. Rfc1 Be4 20. Bd4
Bxg2 21. Bxb6 Bh3 22. Bxc7 Qe4 23. f4 axb4 24. axb4 Rxa1 25. Rxa1 Rc8 26.
Rc1 Qf3 27. Qf2 Qxd5 28. Qe2 b5 29. Rd1 Qc6 30. Ba5 Bg4 31. Qd2 Bxd1 32.
Qxd1 Qe4 33. Qd4 Rc1+ 34. Kf2 Qc2+ 35. Qd2 Qxd2+ 36. Kf3 Qd5+ 37. Kf2 Rc2+
38. Ke1 Qh1# {White checkmated} 0-1

[Event "ICC tourney 2093 (45 10)"]
[Site "Internet Chess Club"]
[Date "2020.10.31"]
[Round "1"]
[White "funplaychess"]
[Black "GeorgeDai"]
[Result "1/2-1/2"]
[ICCResult "Black stalemated"]
[WhiteElo "2331"]
[BlackElo "2013"]
[Opening "Nimzo-Indian: Kmoch variation"]
[ECO "E20"]
[NIC "NI.30"]
[Time "11:04:01"]
[TimeControl "2700+10"]

1. d4 Nf6 2. c4 e6 3. Nc3 Bb4 4. f3 O-O 5. a3 Bxc3+ 6. bxc3 d6 7. e4 e5 8.
Ne2 c5 9. Bg5 h6 10. Bh4 Nc6 11. g4 cxd4 12. cxd4 Qa5+ 13. Qd2 Qxd2+ 14.
Kxd2 exd4 15. Bf2 Nd7 16. Nxd4 Nxd4 17. Bxd4 Ne5 18. Be2 Be6 19. Rhc1 b6 20.
f4 Nc6 21. Bc3 Rfc8 22. Ke3 Rc7 23. f5 Bc8 24. Rd1 Ne5 25. Rxd6 Nxc4+ 26.
Bxc4 Rxc4 27. Rd8+ Kh7 28. Bd4 Rc7 29. Rd1 Bb7 30. Rxa8 Bxa8 31. Rd3 f6 32.
e5 fxe5 33. Bxe5 Rc4 34. Rd4 Rxd4 35. Bxd4 Kg8 36. Kf4 Kf7 37. h4 Bg2 38. g5
hxg5+ 39. hxg5 Bf1 40. g6+ Kg8 41. Kg5 Bd3 42. a4 b5 43. axb5 Bxb5 44. Bxa7
Bd3 45. Bd4 Bc2 46. Bxg7 Kxg7 47. f6+ Kf8 48. Kh6 Bxg6 49. Kxg6 Kg8 50. Kf5
Kf7 51. Ke5 Kf8 52. Ke6 Ke8 53. Kf5 Kf7 54. Kg5 Kf8 55. Kg6 Kg8 56. f7+ Kf8
57. Kf6 {Black stalemated} 1/2-1/2

[Event "ICC tourney 2093 (45 10)"]
[Site "Internet Chess Club"]
[Date "2020.10.31"]
[Round "1"]
[White "drberkley"]
[Black "jy2020"]
[Result "0-1"]
[ICCResult "White resigns"]
[WhiteElo "1913"]
[BlackElo "2227"]
[Opening "Sicilian: closed"]
[ECO "B23"]
[NIC "SI.44"]
[Time "11:03:58"]
[TimeControl "2700+10"]

1. e4 c5 2. Nc3 d6 3. f4 g6 4. Nf3 Bg7 5. Bb5+ Bd7 6. Bxd7+ Qxd7 7. O-O Nc6
8. d3 e6 9. Qe1 Nge7 10. Be3 O-O 11. Qh4 Nd4 12. Rf2 Nec6 13. a3 f5 14. Rc1
Rab8 15. Nd2 b5 16. Nd1 Ne7 17. c3 Ndc6 18. Rf3 Rf7 19. Qf2 e5 20. h4 h5 21.
Rg3 Rbf8 22. Rf3 Kh7 23. g3 Bh6 24. Qh2 fxe4 25. dxe4 exf4 26. Bxf4 Ne5 27.
Rf1 Bxf4 28. gxf4 Nd3 29. Rc2 Rxf4 30. Ne3 Qe6 31. Qg2 Rxf1+ 32. Nexf1 Ne1
{White resigns}
0-1

[Event "ICC tourney 2093 (45 10)"]
[Site "Internet Chess Club"]
[Date "2020.10.31"]
[Round "1"]
[White "aplusk"]
[Black "njspyx"]
[Result "1-0"]
[ICCResult "Black resigns"]
[WhiteElo "2588"]
[BlackElo "2064"]
[Opening "King's Indian: Petrosian system, Stein variation"]
[ECO "E92"]
[NIC "KI.17"]
[Time "11:04:00"]
[TimeControl "2700+10"]

1. d4 Nf6 2. c4 g6 3. Nc3 Bg7 4. e4 d6 5. Nf3 O-O 6. Be2 e5 7. d5 a5 8. Bg5
h6 9. Be3 Ng4 10. Bd2 f5 11. exf5 gxf5 12. h3 Nf6 13. Qc1 Kh7 14. g4 Ne4 15.
Nxe4 fxe4 16. Qc2 Nd7 17. Qxe4+ Kh8 18. g5 Nc5 19. Qh4 Bf5 20. gxh6 Bf6 21.
Qh5 Be4 22. Rg1 Bxf3 23. Bxf3 e4 24. Be2 Bxb2 25. Rb1 Qf6 26. Be3 Bd4 27.
Rg6 Qe5 28. Qxe5+ dxe5 29. Rg7 Rac8 30. Bg4 Nd3+ 31. Kd2 Rb8 32. Rxc7 Bxe3+
33. Kxe3 b6 34. Kxe4 Nxf2+ 35. Kxe5 Rbe8+ 36. Kd6 Ne4+ 37. Kc6 Rf6+ 38. Be6
Nc5 39. Kxb6 Nxe6 40. dxe6 Rb8+ 41. Rb7 Rxe6+ 42. Ka7 Rg8 43. Rb8 Rxh6 44.
Rxg8+ Kxg8 45. c5 Kf7 46. Kb7 Ke6 47. Rb6+ {Black resigns} 1-0

[Event "ICC tourney 2093 (45 10)"]
[Site "Internet Chess Club"]
[Date "2020.10.31"]
[Round "1"]
[White "mopaska1106"]
[Black "Dking135799"]
[Result "0-1"]
[ICCResult "White resigns"]
[WhiteElo "1956"]
[BlackElo "2262"]
[Opening "Nimzo-Indian: Reshevsky variation"]
[ECO "E46"]
[NIC "NI.10"]
[Time "11:03:57"]
[TimeControl "2700+10"]

1. d4 Nf6 2. c4 e6 3. Nc3 Bb4 4. e3 O-O 5. Ne2 c5 6. a3 Bxc3+ 7. Nxc3 d5 8.
dxc5 dxc4 9. Bxc4 Qxd1+ 10. Kxd1 a5 11. e4 Nbd7 12. f3 Nxc5 13. Be3 Ncd7 14.
Ke1 Ne5 15. Be2 Bd7 16. Kf2 Bc6 17. Rhd1 a4 18. Rd2 Nfd7 19. Rad1 f5 20.
exf5 Rxf5 21. Kg1 Nf6 22. Rd8+ Rxd8 23. Rxd8+ Kf7 24. Ra8 Nd5 25. Bd4 Nf4
26. Bd1 Rg5 27. g3 Nfd3 28. Ne4 Bxe4 29. fxe4 Nc6 30. Bc3 Nc5 31. Bxa4 Nxe4
32. Be1 Rc5 33. Bxc6 Rxc6 34. Rb8 Rc7 35. Bb4 e5 36. Kg2 Ke6 37. Kf3 Ng5+
38. Ke3 g6 39. Bc3 Nf7 40. Re8+ Kd5 41. h4 b5 42. Rb8 Nd6 43. Bb4 Nf5+ 44.
Kf3 e4+ 45. Kf4 Kd4 46. g4 Nxh4 47. Rd8+ Kc4 48. Kxe4 Kb3 49. Kf4 Kxb2 50.
Rd5 Rf7+ 51. Kg3 Nf3 52. Rxb5 Nd4 53. Rb6 Ne2+ 54. Kg2 Kb3 55. g5 Nf4+ 56.
Kg3 Ne2+ 57. Kg2 Rf5 58. Be7+ Ka4 59. Rb4+ Ka5 60. Bd8+ Ka6 61. Re4 Nc3 62.
Re6+ Kb5 63. Kg3 Nd5 64. Kg4 Rf4+ 65. Kg3 Ra4 66. Rd6 Kc5 67. Rd7 Rxa3+ 68.
Kg2 Nf4+ 69. Kf2 Rh3 70. Be7+ Kc6 71. Rd4 Nd5 72. Bf6 Rh5 73. Kg3 Nxf6 74.
gxf6 Rf5 75. Kg4 Rxf6 76. Rd8 Rf5 77. Kg3 Rd5 78. Rh8 h5 79. Kh4 Rd4+ 80.
Kh3 Kd5 81. Kg3 Ke5 82. Re8+ Kf5 83. Rf8+ Kg5 {White resigns} 0-1

[Event "ICC tourney 2093 (45 10)"]
[Site "Internet Chess Club"]
[Date "2020.10.31"]
[Round "1"]
[White "e4f5"]
[Black "JQX2019"]
[Result "1-0"]
[ICCResult "Black resigns"]
[WhiteElo "2217"]
[BlackElo "1873"]
[Opening "Sicilian: Boleslavsky variation"]
[ECO "B58"]
[NIC "SI.25"]
[Time "11:04:01"]
[TimeControl "2700+10"]

1. e4 c5 2. Nf3 d6 3. d4 cxd4 4. Nxd4 Nf6 5. Nc3 Nc6 6. Be2 e5 7. Nf3 h6 8.
O-O Be7 9. Re1 O-O 10. h3 Be6 11. Bf1 Nb8 12. b3 a6 13. a4 Nbd7 14. Bb2 Rc8
15. Nd2 Re8 16. Bc4 Bf8 17. Bxe6 fxe6 18. Nc4 Nb6 19. Ne3 Rc7 20. a5 Nc8 21.
Qd3 Rd7 22. Nc4 Qc7 23. Na4 Nh5 24. g3 g6 25. Nab6 Nxb6 26. Nxb6 Rdd8 27.
Rad1 Bg7 28. Ba3 Bf8 29. Bb4 Nf6 30. c4 Qc6 31. Qe3 Kh7 32. f4 exf4 33. Qxf4
Nh5 34. Qf7+ Bg7 35. Rd3 Nf6 36. e5 Rf8 37. Qxe6 Rfe8 38. exf6 Rxe6 39. Rxe6
Bf8 40. Rde3 Kg8 41. Nd5 Rd7 42. Ne7+ Kf7 43. Nxc6 bxc6 44. Re8 Rb7 45.
Rxf8+ Kxf8 46. Bxd6+ Kf7 47. Re7+ Rxe7 48. fxe7 Ke8 49. Kf2 Kd7 50. Ke3 g5
51. Kd4 Ke8 52. Ke5 Kd7 53. Kf6 Ke8 54. b4 g4 55. hxg4 h5 56. gxh5 c5 57.
Ke6 cxb4 58. c5 b3 59. c6 b2 60. c7 {Black resigns} 1-0

[Event "ICC tourney 2093 (45 10)"]
[Site "Internet Chess Club"]
[Date "2020.10.31"]
[Round "1"]
[White "Frolik67"]
[Black "RogerZ"]
[Result "1-0"]
[ICCResult "Black forfeits on time"]
[WhiteElo "2273"]
[BlackElo "1956"]
[Opening "Giuoco Piano"]
[ECO "C54"]
[NIC "IG.02"]
[Time "11:04:00"]
[TimeControl "2700+10"]

1. e4 e5 2. Nf3 Nc6 3. Bc4 Bc5 4. c3 Nf6 5. d3 d6 6. b4 Bb6 7. a4 a5 8. b5
Ne7 9. O-O O-O 10. Re1 Ng6 11. h3 h6 12. Nbd2 Re8 13. d4 c6 14. bxc6 bxc6
15. Rb1 Rb8 16. Qc2 Bd7 17. dxe5 Nxe5 18. Nxe5 dxe5 19. Nf3 Qe7 20. Qa2
Bxf2+ 21. Kxf2 Rxb1 22. Ba3 Rb4 23. cxb4 axb4 24. Bb2 Qc5+ 25. Kg3 Be6 26.
Bxe6 Rxe6 27. Bc1 Nxe4+ 28. Rxe4 Qxc1 29. a5 c5 30. a6 b3 31. Qxb3 Rxa6 32.
Rxe5 Rf6 33. Qe3 Qxe3 34. Rxe3 Rc6 35. Rc3 Kf8 36. Ne5 Rc7 37. Rxc5 Rb7 38.
Rd5 Ke7 39. Nc6+ Kf6 40. Rd6+ Kf5 41. Rd8 Kg6 42. Rd7 Rb3+ 43. Kf4 Rb2 44.
Ne5+ Kh7 45. Kg3 Rb3+ 46. Rd3 Rb7 47. Rd7 Rb3+ 48. Kh2 f6 49. Nf3 Rb4 50.
Nd4 {Black forfeits on time} 1-0

[Event "ICC tourney 2093 (45 10)"]
[Site "Internet Chess Club"]
[Date "2020.10.31"]
[Round "1"]
[White "Visam"]
[Black "IndianTerritory"]
[Result "1/2-1/2"]
[ICCResult "Game drawn because neither player has mating material"]
[WhiteElo "2542"]
[BlackElo "2081"]
[Opening "English: Capablanca's variation"]
[ECO "A12"]
[NIC "QP.11"]
[Time "11:04:06"]
[TimeControl "2700+10"]

1. Nf3 c6 2. c4 d5 3. b3 Bg4 4. Bb2 Nf6 5. d3 Bxf3 6. exf3 Nbd7 7. f4 e6 8.
Be2 Bd6 9. g3 Bb4+ 10. Nd2 dxc4 11. bxc4 Qa5 12. Qc2 Bxd2+ 13. Qxd2 Qxd2+
14. Kxd2 Rd8 15. Ba3 c5 16. Bf3 b6 17. Bb2 h6 18. g4 O-O 19. g5 hxg5 20.
fxg5 Ne8 21. Rae1 Nd6 22. h4 b5 23. h5 bxc4 24. h6 e5 25. hxg7 Kxg7 26. Rxe5
Nxe5 27. Bxe5+ f6 28. Bxf6+ Rxf6 29. gxf6+ Kxf6 30. Rh5 Nf5 31. Be4 Nd6 32.
Kc3 cxd3 33. Bxd3 Rf8 34. Rxc5 Ke6 35. Ra5 Rxf2 36. Rxa7 Kd5 37. a4 Rf4 38.
a5 Kc6 39. Rh7 Ne4+ 40. Kc2 Rf2+ 41. Kc1 Nc5 42. Bc4 Rf4 43. Rh6+ Kb7 44.
Bd5+ Ka7 45. Rb6 Ra4 46. Rb5 Nd3+ 47. Kd2 Ka6 48. Rb8 Rxa5 49. Bc4+ Ka7 50.
Rd8 Ne5 51. Bb3 Nc6 52. Rd6 Kb6 53. Rh6 Rg5 54. Ba4 Rc5 55. Kd3 Kc7 56.
Rxc6+ Rxc6 57. Bxc6 {Game drawn because neither player has mating material}
1/2-1/2

[Event "ICC tourney 2093 (45 10)"]
[Site "Internet Chess Club"]
[Date "2020.10.31"]
[Round "1"]
[White "NyzhnykIllia"]
[Black "MrNormalName"]
[Result "1-0"]
[ICCResult "Black resigns"]
[WhiteElo "2716"]
[BlackElo "2185"]
[Opening "Queen's bishop game"]
[ECO "D02"]
[NIC "QP.06"]
[Time "11:04:51"]
[TimeControl "2700+10"]

1. d4 Nf6 2. Nf3 d5 3. Bf4 c5 4. e3 Nc6 5. Nbd2 Qb6 6. dxc5 Qxb2 7. Rb1 Qc3
8. Bb5 e6 9. O-O Bxc5 10. Be5 Qa3 11. c4 Be7 12. Nd4 Bd7 13. Bxc6 Bxc6 14.
Nxc6 bxc6 15. Rb7 O-O 16. Qc2 Ng4 17. Bb2 Qd6 18. Nf3 f6 19. h3 Nh6 20. Rb1
Rf7 21. Qa4 Bf8 22. Bc3 dxc4 23. Qxc4 Rxb7 24. Rxb7 Qd1+ 25. Be1 Qd5 26. Qa4
a5 27. e4 Qc5 28. Bd2 Nf7 29. Nd4 Nd8 30. Rd7 e5 31. Rxd8 Rxd8 32. Ne6 Qb6
33. Nxd8 Qxd8 34. Bxa5 Qd3 35. Kh2 Qb5 36. Qb3+ Qxb3 37. axb3 Kf7 38. Kg3
Ke6 39. Kf3 Bc5 40. Ke2 Ba7 41. Be1 Kd6 42. Kd3 Kc5 43. f4 Kb5 44. f5 Bc5
45. Bd2 Bb4 46. Bc1 Bf8 47. g4 Kb4 48. Kc2 Be7 49. h4 Bf8 50. g5 Be7 51.
Bd2+ Kb5 52. Kd3 Bb4 53. Bc1 Be7 54. Bb2 Kb4 55. Kc2 h6 56. gxh6 gxh6 57. h5
Bf8 58. Bc1 Bg7 59. Bd2+ Kb5 60. Kd3 Bf8 61. b4 c5 62. bxc5 Kxc5 63. Kc3 Kc6
64. Kc4 Kd7 65. Kd5 Bg7 66. Bb4 Ke8 67. Ke6 Bh8 68. Be7 Bg7 69. Bxf6 Bf8 70.
Bxe5 {Black resigns} 1-0

[Event "ICC tourney 2093 (45 10)"]
[Site "Internet Chess Club"]
[Date "2020.10.31"]
[Round "2"]
[White "Openyagami"]
[Black "NyzhnykIllia"]
[Result "1/2-1/2"]
[ICCResult "Game drawn by repetition"]
[WhiteElo "2580"]
[BlackElo "2709"]
[Opening "English: Neo-Catalan accepted"]
[ECO "A13"]
[NIC "RE.10"]
[Time "13:32:44"]
[TimeControl "2700+10"]

1. c4 e6 2. Nf3 Nf6 3. g3 d5 4. Bg2 dxc4 5. Qa4+ Bd7 6. Qxc4 c5 7. O-O Bc6
8. d4 Nbd7 9. Rd1 cxd4 10. Nxd4 Bxg2 11. Kxg2 Rc8 12. Qa4 Bc5 13. Nb3 O-O
14. Nc3 Qc7 15. Bf4 Qc6+ 16. Qxc6 Rxc6 17. Na5 Rb6 18. Nc4 Rc6 19. Na5 Rb6
20. Nc4 Rc6 21. Na5 {Game drawn by repetition} 1/2-1/2

[Event "ICC tourney 2093 (45 10)"]
[Site "Internet Chess Club"]
[Date "2020.10.31"]
[Round "2"]
[White "Dking135799"]
[Black "aplusk"]
[Result "1/2-1/2"]
[ICCResult "Game drawn by mutual agreement"]
[WhiteElo "2267"]
[BlackElo "2573"]
[Opening "QGD Slav: exchange variation"]
[ECO "D13"]
[NIC "SL.02"]
[Time "13:33:29"]
[TimeControl "2700+10"]

1. d4 Nf6 2. Nf3 d5 3. c4 c6 4. cxd5 cxd5 5. Nc3 Nc6 6. Bf4 a6 7. e3 Bg4 8.
Be2 e6 9. O-O Be7 10. Rc1 O-O 11. a3 Nd7 12. Nd2 Bxe2 13. Qxe2 Rc8 14. Rc2
Nb6 15. Rfc1 Qd7 16. Nb3 Nc4 17. Na4 Nb4 18. Nbc5 Bxc5 19. axb4 Bxb4 20. b3
Na3 21. Rc7 Nb5 22. Rxd7 Rxc1+ 23. Qf1 Rxf1+ {Game drawn by mutual
agreement} 1/2-1/2

[Event "ICC tourney 2093 (45 10)"]
[Site "Internet Chess Club"]
[Date "2020.10.31"]
[Round "2"]
[White "IndianTerritory"]
[Black "funplaychess"]
[Result "0-1"]
[ICCResult "White resigns"]
[WhiteElo "2070"]
[BlackElo "2341"]
[Opening "Sicilian: Najdorf, Byrne (English) attack"]
[ECO "B90"]
[NIC "SI.14"]
[Time "13:33:13"]
[TimeControl "2700+10"]

1. e4 c5 2. Nf3 d6 3. d4 cxd4 4. Nxd4 Nf6 5. Nc3 a6 6. Be3 e5 7. Nb3 Be6 8.
f3 Nbd7 9. g4 b5 10. g5 b4 11. gxf6 bxc3 12. fxg7 Bxg7 13. bxc3 Bh6 14. Bf2
Qc7 15. Qd3 a5 16. a4 Ke7 17. Nd2 Rhc8 18. Ra3 Nc5 19. Qe2 Bd7 20. Be3 Bxe3
21. Qxe3 Ne6 22. Nc4 Rab8 23. Kf2 Rb1 24. Nd2 Rc1 25. Rg1 Rxc2 26. c4 Rb8
27. Bd3 Rxd2+ 28. Qxd2 Qc5+ 29. Kf1 Qxa3 {White resigns} 0-1

[Event "ICC tourney 2093 (45 10)"]
[Site "Internet Chess Club"]
[Date "2020.10.31"]
[Round "2"]
[White "Singireddy"]
[Black "brilliantnessme"]
[Result "1/2-1/2"]
[ICCResult "Game drawn by mutual agreement"]
[WhiteElo "2108"]
[BlackElo "1978"]
[Opening "Sicilian: Alapin's variation (2.c3)"]
[ECO "B22"]
[NIC "SI.47"]
[Time "13:32:45"]
[TimeControl "2700+10"]

1. e4 c5 2. c3 Nf6 3. e5 Nd5 4. d4 cxd4 5. cxd4 d6 6. Nf3 Nc6 7. Bc4 dxe5 8.
dxe5 Be6 9. O-O g6 10. Nd4 Nxd4 11. Qxd4 Bg7 12. f4 O-O 13. Na3 a6 14. Be3
Qa5 15. Bd2 Qa4 16. Rfd1 Rfd8 17. Qf2 Nc7 18. Rac1 b5 19. Be2 Nd5 20. Bf3
Rab8 21. Nc2 Rbc8 22. Nd4 Rxc1 23. Bxc1 Qxa2 24. Nc6 Rd7 25. Qc5 Bf8 26. h3
Qc4 27. Qxc4 bxc4 28. Nb8 Rb7 29. Nxa6 Rb5 30. Bxd5 Rxd5 31. Rxd5 Bxd5 32.
Kf2 e6 33. Be3 h5 34. Bc5 Bh6 35. Be3 Bg7 36. h4 f6 37. Bd4 Bh6 38. g3 g5
39. Ke3 {Game drawn by mutual agreement} 1/2-1/2

[Event "ICC tourney 2093 (45 10)"]
[Site "Internet Chess Club"]
[Date "2020.10.31"]
[Round "2"]
[White "kurumania"]
[Black "jsl1996"]
[Result "0-1"]
[ICCResult "White resigns"]
[WhiteElo "2511"]
[BlackElo "2667"]
[Opening "Caro-Kann: two knights, 3...Bg4"]
[ECO "B11"]
[NIC "CK.01"]
[Time "13:36:19"]
[TimeControl "2700+10"]

1. e4 c6 2. Nc3 d5 3. Nf3 Bg4 4. h3 Bxf3 5. Qxf3 e6 6. d4 Nf6 7. exd5 cxd5
8. Bd3 Nc6 9. Ne2 Bd6 10. O-O O-O 11. c3 e5 12. dxe5 Nxe5 13. Qg3 Re8 14.
Bc2 Ne4 15. Bxe4 Ng6 16. Qg5 dxe4 17. Qxd8 Raxd8 18. Be3 Bb8 19. Rad1 f5 20.
Bg5 Rd3 21. Rxd3 exd3 22. Nc1 f4 23. h4 h6 24. h5 d2 25. Nb3 Ne5 {White
resigns} 0-1

[Event "ICC tourney 2093 (45 10)"]
[Site "Internet Chess Club"]
[Date "2020.10.31"]
[Round "2"]
[White "mopaska1106"]
[Black "hollyelf"]
[Result "0-1"]
[ICCResult "White resigns"]
[WhiteElo "1950"]
[BlackElo "2077"]
[Opening "QGD Slav: 3.Nf3"]
[ECO "D11"]
[NIC "SL.01"]
[Time "13:33:36"]
[TimeControl "2700+10"]

1. d4 d5 2. c4 c6 3. Nf3 Nf6 4. g3 Bf5 5. Nh4 Be4 6. f3 Bxb1 7. Rxb1 dxc4 8.
e4 b5 9. b3 Qa5+ 10. Kf2 cxb3 11. Qxb3 e6 12. Be3 Be7 13. d5 exd5 14. Nf5 g6
15. Nxe7 Kxe7 16. Bc5+ Kd8 17. exd5 Nxd5 18. Rd1 Nd7 19. Rxd5 cxd5 20. Qxd5
Rc8 21. Bh3 Qc7 22. Rd1 Qxc5+ {White resigns} 0-1

[Event "ICC tourney 2093 (45 10)"]
[Site "Internet Chess Club"]
[Date "2020.10.31"]
[Round "2"]
[White "MrNormalName"]
[Black "AJM04"]
[Result "1-0"]
[ICCResult "Black resigns"]
[WhiteElo "2192"]
[BlackElo "2025"]
[Opening "QGD semi-Slav: Stoltz variation"]
[ECO "D45"]
[NIC "SL.08"]
[Time "13:33:36"]
[TimeControl "2700+10"]

1. d4 d5 2. c4 c6 3. Nc3 Nf6 4. e3 e6 5. Nf3 Nbd7 6. Qc2 Bd6 7. Be2 dxc4 8.
Bxc4 O-O 9. O-O b5 10. Be2 Bb7 11. e4 e5 12. dxe5 Nxe5 13. Nd4 Bc5 14. Nf5
Qb6 15. Bg5 Nfg4 16. Bxg4 Nxg4 17. Qe2 Ne5 18. Kh1 f6 19. Be3 Bxe3 20. Nxe3
a5 21. f4 Ng6 22. Rad1 Rad8 23. Nf5 Rxd1 24. Qxd1 Rd8 25. Qb3+ Kh8 26. Qf7
Rg8 27. Rf3 {Black resigns} 1-0

[Event "ICC tourney 2093 (45 10)"]
[Site "Internet Chess Club"]
[Date "2020.10.31"]
[Round "2"]
[White "largecrab"]
[Black "bishoboo"]
[Result "1/2-1/2"]
[ICCResult "Game drawn by mutual agreement"]
[WhiteElo "2161"]
[BlackElo "1992"]
[Opening "Caro-Kann: Tartakower (Nimzovich) variation"]
[ECO "B15"]
[NIC "CK.06"]
[Time "13:33:16"]
[TimeControl "2700+10"]

1. e4 c6 2. d4 d5 3. Nc3 dxe4 4. Nxe4 Nf6 5. Nxf6+ exf6 6. c3 Bd6 7. Bd3 O-O
8. Qc2 Re8+ 9. Ne2 h5 10. Be3 Nd7 11. O-O-O Nf8 12. Ng3 g6 13. Bh6 f5 14.
Kb1 Kh7 15. Bc1 Ne6 16. Bxf5 Bxg3 17. hxg3 Ng7 18. Bxc8 Qxc8 19. Qd2 Qf5+
20. Ka1 a5 21. f3 Kg8 22. Rde1 c5 23. d5 Red8 24. Rd1 b5 25. Rh4
{Game drawn by mutual agreement}
1/2-1/2